 Dungeon Crawl Stone Soup version 0.23-a0-183-gf37f6fb (webtiles) character file.

1123 digijack the Skirmisher (level 8, -5/73 HPs)
             Began as a Minotaur Fighter on Sept 23, 2018.
             Was a Follower of Ashenzari.
             Slain by an orc warrior
             ... wielding a +0 trident
              (20 damage)
             ... on level 6 of the Dungeon.
             The game lasted 00:20:56 (4375 turns).

digijack the Skirmisher (Minotaur Fighter)          Turns: 4375, Time: 00:20:56

Health: -5/73      AC: 20    Str: 28    XL:     8   Next: 13%
Magic:  7/7        EV:  8    Int: 10    God:    Ashenzari [*.....]
Gold:   275        SH:  7    Dex: 10    Spells: 7/7 levels left

rFire    . . .     SeeInvis .   r - +2 flail (protect)
rCold    . . .     Gourm    .   g - +2 buckler
rNeg     . . .     Faith    .   t - +0 chain mail
rPois    .         Spirit   .   (helmet restricted)
rElec    .         Reflect  .   h - +0 cloak
rCorr    .         Harm     .   o - +0 pair of gloves
MR       .....                  (no boots)
Stlth    ..........             (no amulet)
HPRegen  0.22/turn              e - +5 ring of intelligence
MPRegen  0.10/turn              (no ring)

@: mighty, protection aura
A: retaliatory headbutt, horns 2
a: Curse Item, Scrying, Renounce Religion


You were on level 6 of the Dungeon.
You worshipped Ashenzari.
Ashenzari was aware of your devotion.
You were hungry.

You visited 1 branch of the dungeon, and saw 6 of its levels.

You collected 275 gold pieces.

Inventory:

Hand Weapons
 r - a +2 flail of protection (weapon)
Missiles
 j - 147 stones
 p - 10 tomahawks (quivered)
Armour
 c - a +0 shield
 g - a +2 buckler (worn)
 h - a +0 cloak (worn)
 o - a +0 pair of gloves (worn)
 t - a +0 chain mail (worn)
Jewellery
 e - a +5 ring of intelligence (left hand)
Wands
 u - a wand of paralysis (10)
 v - a wand of digging (9)
Scrolls
 a - a scroll of magic mapping
 l - 3 scrolls of teleportation
 m - 3 scrolls of identify
 q - a scroll of amnesia {unknown}
Potions
 d - 3 potions of might
 i - 2 potions of haste
 n - 2 potions of agility
 s - a potion of curing
Comestibles
 f - 14 rations


   Skills:
 + Level 7.3 Fighting
 - Level 3.9 Maces & Flails
 + Level 7.3 Armour
 + Level 7.3 Shields


You had 7 spell levels left.
You didn't know any spells.
Your spell library contained the following spells:

 Spells                   Type           Power        Failure   Level  Hunger
 Infusion                 Chrm           #...         88%         1    ##.....
 Shroud of Golubria       Chrm/Tloc      #.........   95%         2    ###....
 Song of Slaying          Chrm           #.......     95%         2    ###....
 Regeneration             Chrm/Necr      #.........   99%         3    ####...
 Spectral Weapon          Hex/Chrm       #.......     99%         3    ####...


Dungeon Overview and Level Annotations

Branches:
Dungeon (6/15)
 Temple: D:4-7

Altars:
Ashenzari
Fedhas
Trog

Shops:
D:5 [


Innate Abilities, Weirdness & Mutations

You reflexively headbutt those who attack you in melee.
You have a pair of horns on your head.


Message History

The orc warrior is moderately wounded.
You block the orc warrior's attack. The orc hits you with a short sword.
* * * LOW HITPOINT WARNING * * *
You hear some strange, mumbled words.
Something tries to affect you, but you resist.
The orc warrior closely misses you. You furiously retaliate!
You headbutt the orc warrior! The orc barely misses you.
You furiously retaliate!
You headbutt the orc!!
You kill the orc!
You block the orc's attack.
You feel much better.
The orc warrior hits you with a trident!!
* * * LOW HITPOINT WARNING * * *
Something hits you but does no damage. The orc hits you but does no damage.
You sock the orc warrior!
Your weapon exudes an aura of protection.
The orc warrior is severely wounded.
You block the orc warrior's attack. Something hits you but does no damage.
The orc warrior hits you with a trident!!
You die...

..............#.......####.....#
........#...................##.#
.###....#......##...........##.#
........#............#####..#..#
....................# #.....#
..........(.........#####.#...##
..#####.................#.#....#
+...........){o..###.........#
######.#....o@...###..#.#....#
#.#....)......#..#......#
#..........##'#..####.#.#
#........##............^#
#........##.......###.###
#.#......##.......# #.#
#.#......##.......###.#
#.#..<............#...#
#.#...............#.###


You could see an orc warrior (berserk) and an orc.

Vanquished Creatures
  Sigmund (D:4)
  An ogre (D:5)
  A centaur (D:5)
  A scorpion (D:4)
  3 howler monkeys
  3 crimson imps
  2 hounds
  Crazy Yiuf (D:3)
  2 orc priests
  A bullfrog skeleton (D:4)
  An orc wizard (D:4)
  Ijyb (D:5)
  4 worker ants
  2 hound skeletons (D:5)
  8 adders
  2 oozes
  An adder skeleton (D:5)
  3 worms
  3 dart slugs
  A leopard gecko (D:4)
  18 orcs
  A ball python (D:1)
  5 bats
  2 giant cockroaches
  7 goblins
  8 hobgoblins
  2 jackals (D:5)
  6 kobolds
  3 quokkas
  4 frilled lizards
  A jackal skeleton (D:5)
  A quokka skeleton (D:5)
  5 rats
105 creatures vanquished.

Notes
Turn   | Place    | Note
-------+----------+-------------------------------------------
     0 | D:1      | digijack the Minotaur Fighter began the quest for the Orb.
     0 | D:1      | Reached XP level 1. HP: 19/19 MP: 0/0
   127 | D:1      | Reached XP level 2. HP: 27/27 MP: 1/1
   340 | D:1      | Found a shattered altar of Ashenzari.
   347 | D:1      | Became a worshipper of Ashenzari the Shackled
   692 | D:2      | Reached XP level 3. HP: 31/33 MP: 2/2
   981 | D:2      | Reached XP level 4. HP: 41/41 MP: 3/3
  1190 | D:3      | Found a runed door.
  1230 | D:3      | Noticed Crazy Yiuf
  1399 | D:3      | Reached XP level 5. HP: 47/47 MP: 4/4
  1426 | D:3      | Killed Crazy Yiuf
  1734 | D:4      | Noticed Sigmund
  1744 | D:4      | Killed Sigmund
  1744 | D:4      | Reached skill level 5 in Fighting
  1744 | D:4      | Reached skill level 5 in Armour
  1744 | D:4      | Reached skill level 5 in Shields
  1744 | D:4      | Reached XP level 6. HP: 31/56 MP: 5/5
  1766 | D:4      | Found a blossoming altar of Fedhas.
  2690 | D:4      | Reached XP level 7. HP: 59/63 MP: 6/6
  2740 | D:4      | Reached * piety under Ashenzari
  2759 | D:4      | Found a bloodstained altar of Trog.
  3122 | D:5      | Entered Level 5 of the Dungeon
  3685 | D:5      | Noticed Ijyb
  3707 | D:5      | Killed Ijyb
  3726 | D:5      | Found Zonown's Armour Boutique.
  3766 | D:5      | Reached XP level 8. HP: 63/73 MP: 7/7
  4375 | D:6      | Slain by an orc warrior

Vault maps used:
D:1:      scummos_arrival_simple_fountains, evilmike_ruin_ashenzari
D:3:      uniq_crazy_yiuf_cottage
D:4:      lemuel_doored_altar, first_ration, trog_hazing_becter, uniq_sigmund
D:5:      kennysheep_small_square, uniq_ijyb
D:6:      minmay_klotski, grunt_decor_arrowhead, kennysheep_cross_bottleneck

Skill      XL: |  1  2  3  4  5  6  7 |
---------------+----------------------+-----
Fighting       | 4 5 6 7 |  7.3
Armour         | 4 5 6 7 |  7.3
Shields        | 4 5 6 7 |  7.3
Maces & Flails | 3 |  3.9

Action                   |  1- 3 |  4- 6 |  7- 9 || total
-------------------------+-------+-------+-------++-------
Melee: Flail             |    71 |    77 |    27 ||   175
       Headbutt          |     9 |    23 |    33 ||    65
       Long sword        |       |    53 |   145 ||   198
Invok: Curse Item        |     1 |       |       ||     1
  Use: Scroll            |     6 |     6 |     1 ||    13
       Potion            |       |     6 |     3 ||     9
  Eat: Chunk             |       |     6 |     5 ||    11
Armor: Scale mail        |    31 |    56 |    85 ||   172
       Chain mail        |       |       |    27 ||    27
       Skin              |       |       |     1 ||     1
Dodge: Dodged            |    34 |    48 |   108 ||   190
Block: Buckler           |    26 |    40 |   104 ||   170
       Rpst.: Long sword |       |     3 |    29 ||    32

Table legend:
 A = Non-vault XP
 B = Vault XP
 C = Vault XP percentage of total XP
 D = Non-vault monster count
 E = Vault monster count
 F = Vault count percentage of total count
                 A         B        C        D         E       F
            +---------+---------+-------+---------+---------+-------
      Total |    1258 |     347 |  21.6 |      95 |      10 |   9.5
            +---------+---------+-------+---------+---------+-------
        D:1 |      19 |       0 |   0.0 |      10 |       0 |   0.0
        D:2 |      78 |       0 |   0.0 |      17 |       0 |   0.0
        D:3 |     105 |      42 |  28.6 |      25 |       1 |   3.8
        D:4 |     470 |     235 |  33.3 |      18 |       7 |  28.0
        D:5 |     432 |      70 |  13.9 |      19 |       2 |   9.5
        D:6 |     154 |       0 |   0.0 |       6 |       0 |   0.0
            +---------+---------+-------+---------+---------+-------
